 Dungeon Crawl Stone Soup version 0.23.0 (webtiles) character file.

Game seed: 12830839685801579900

19285 Folque the Geomancer (level 12, -4/94 HPs)
             Began as a Red Draconian Earth Elementalist on Feb 8, 2019.
             Was an Elder of Sif Muna.
             Slain by an orc warrior
             ... wielding a cursed +0 battleaxe
              (25 damage)
             ... on level 13 of the Dungeon.
             The game lasted 01:10:38 (15270 turns).

Folque the Geomancer (DrEE)                        Turns: 15270, Time: 01:10:39

Health: -4/94      AC:  8    Str: 10    XL:     12   Next: 35%
Magic:  1/25       EV: 14    Int: 20    God:    Sif Muna [****..]
Gold:   724        SH:  0    Dex: 13    Spells: 8/29 levels left

rFire    + + .     SeeInvis .   v - +3 dagger
rCold    . . .     Gourm    .   (no shield)
rNeg     . . .     Faith    .   (armour unavailable)
rPois    .         Spirit   .   (helmet restricted)
rElec    +         Reflect  .   (no cloak)
rCorr    .         Harm     .   (no gloves)
MR       .....                  (no boots)
Stlth    ++++......             (no amulet)
HPRegen  0.25/turn              K - ring of Beiron {rElec rF+ Stlth+}
MPRegen  0.19/turn              (no ring)

@: no casting
A: breathe fire, unfitting armour, fire resistance 1, cold-blooded, AC +8
a: Breathe Fire, Stop Divine Energy, Channel Magic, Forget Spell, Renounce
Religion


You were on level 13 of the Dungeon.
You worshipped Sif Muna.
Sif Muna was greatly pleased with you.
You were near starving.

You visited 2 branches of the dungeon, and saw 15 of its levels.

You collected 724 gold pieces.

Inventory:

Hand Weapons
 h - a +0 dagger
 j - the +6 trident of Gylegh {flame, Str+3, unknown}
   (You found it on level 14 of the Dungeon)

   It has been specially enchanted to burn those struck by it, causing extra
   injury to most foes and up to half again as much damage against particularly
   susceptible opponents.
   It affects your strength (+3).
 n - a +2 vampiric short sword
 u - a +0 rapier
 v - a +3 dagger (weapon)
 w - a cursed -1 trident
 B - a +0 blowgun
 H - a +0 short sword
 L - the +8 arc blade {discharge, rElec}
   (You found it on level 11 of the Dungeon)

   It insulates you from electricity.
Missiles
 b - 200 stones (quivered)
 C - 5 poisoned needles
Magical Staves
 e - an uncursed staff of poison
Jewellery
 F - an uncursed amulet of regeneration {unknown}
 K - the ring of Beiron (left hand) {rElec rF+ Stlth+}
   (You found it on level 11 of the Dungeon)

   [ring of stealth]

   It protects you from fire.
   It insulates you from electricity.
   It makes you more stealthy.
Wands
 s - a wand of flame (12)
 t - a wand of acid (16)
 y - a wand of disintegration (26)
Scrolls
 c - a scroll of immolation
 f - a scroll of remove curse
 k - a scroll of amnesia
 o - a scroll of enchant weapon
 r - 3 scrolls of enchant armour
 x - 2 scrolls of random uselessness
 D - 2 scrolls of noise {unknown}
 E - 2 scrolls of magic mapping {unknown}
 I - 3 scrolls of identify
 M - 2 scrolls of blinking {unknown}
Potions
 d - 2 potions of curing
 g - a potion of lignification {unknown}
 i - 5 potions of might {unknown}
 l - 4 potions of degeneration
 m - 2 potions of haste
 p - 5 potions of flight
 q - 3 potions of brilliance
 z - 2 potions of mutation {unknown}
 A - 3 potions of agility
 G - 2 potions of invisibility {unknown}
Comestibles
 a - 8 rations


   Skills:
 + Level 5.1 Fighting
 - Level 7.1 Short Blades
 - Level 4.0 Dodging
 - Level 5.0 Stealth
 * Level 9.1 Spellcasting
 - Level 4.0 Conjurations
 - Level 5.0 Hexes
 - Level 3.2 Transmutations
 * Level 11.9 Earth Magic
 - Level 5.2 Invocations


You had 8 spell levels left.
You knew the following spells:

 Your Spells              Type           Power        Failure   Level  Hunger
a - Sandblast             Erth           ######       1%          1    None
b - Passwall              Tmut/Erth      #####...     1%          2    None
c - Stone Arrow           Conj/Erth      #####.       1%          3    None
d - Lee's Rapid Deconstr  Erth           ######....   1%          5    #####..
e - Petrify               Tmut/Erth      #####...     3%          4    ###....
f - Dazzling Spray        Conj/Hex       ####..       3%          3    None
g - Tukima's Dance        Hex            ####....     3%          3    None

Your spell library contained the following spells:

 Spells                   Type           Power        Failure   Level  Hunger
 Corona                   Hex            ####...      1%          1    None
 Shock                    Conj/Air       ###.         3%          1    None
 Confuse                  Hex            ####....     3%          3    None
 Ensorcelled Hibernation  Hex/Ice        ###...       4%          2    None
 Summon Small Mammal      Summ           #...         8%          1    None
 Summon Guardian Golem    Hex/Summ       ###.....     9%          3    None
 Static Discharge         Conj/Air       ###.....     10%         3    None
 Call Imp                 Summ           #.......     12%         2    None
 Poisonous Vapours        Pois/Air       #.....       12%         2    None
 Swiftness                Chrm/Air       #.......     12%         2    None
 Call Canine Familiar     Summ           #.......     22%         3    None
 Airstrike                Air            #.........   58%         4    ###....
 Summon Ice Beast         Ice/Summ       #.......     58%         4    ###....
 Summon Lightning Spire   Summ/Air       #.......     58%         4    ###....
 Lightning Bolt           Conj/Air       ###.......   67%         5    #####..
 Summon Forest            Summ/Tloc      #.........   91%         5    #####..
 Haunt                    Necr/Summ      #.........   100%        7    #######
 Malign Gateway           Summ/Tloc      #.........   100%        7    #######


Dungeon Overview and Level Annotations

Branches:
Dungeon (14/15)            Temple (1/1) D:4            Lair (0/6) D:9
    Orc (0/2) D:10
 Vaults: D:13-14

Altars:
Ashenzari
Cheibriados
Dithmenos
Elyvilon
Fedhas
Gozag
Hepliaklqana
Kikubaaqudgha
Makhleb
Nemelex Xobeh
Okawaru
Qazlal
Ru
Sif Muna
Trog
Uskayaw
Vehumet
Wu Jian
Xom
Yredelemnul
Zin
The Shining One


Innate Abilities, Weirdness & Mutations

You can breathe blasts of fire.
Your fiery red scales are hard. (AC +8)
You cannot fit into any form of body armour.
Your flesh is heat resistant. (rF+)
You are cold-blooded and may be slowed by cold attacks.


Message History

The orc warrior struggles to resist.
Casting: Petrify (safe; 3% risk of failure)
Confirm with . or Enter, or press ? or * to list all spells.
Aiming: Petrify (safe; 3% risk of failure)
Press: ? - help, Shift-Dir - straight line, f/p - orc warrior
Aim: an orc warrior, wielding a +0 battleaxe and wearing a +0 chain mail (chance to defeat MR: 67%)
The orc warrior is moving more slowly.
Sif Muna grants you divine energy.
You briefly lose access to your magic!
The orc warrior hits your troll with a cursed +0 battleaxe!
You hear some strange, mumbled words.
A puff of flame appears from out of thin air!
The puff of flame hits your troll!
Your troll dies!
Your troll's corpse dissolves into shadows!
You hit the orc warrior.
You hit the orc warrior but do no damage.
You hit the orc warrior but do no damage.
The orc warrior hits you with a cursed +0 battleaxe!!
You die...

#....#..........#
#..
#....#####......#
###
#....#..##..######
#....#..##..#....#
#....#.)....#....#+#
#....#......'.......
#....#..##..#.......
#....#####..#.......
#....#.@##..#.......
#....#)o##..#....###
#....#......+....#
#......#....#
#####.##....####
###†#.........
#...#.........
#..†#.........
#..†'.........


You could see an orc warrior (petrifying).

Vanquished Creatures
  2 hydras
  4 two-headed ogres
  An unseen horror (D:11)
  4 deep elf magi
  A cyclops (D:13)
  4 ugly things
  A gargoyle (D:11)
  A tengu conjurer (D:13)
  Grinder (D:3)
  3 slime creatures
  4 hippogriffs
  2 vampires
  A wyvern (D:13)
  A hungry ghost (D:10)
  A steam dragon (D:11)
  4 vampire mosquitoes (D:13)
  A soldier ant (D:11)
  2 acid dragons
  A water moccasin (D:6)
  2 porcupines (D:9)
  5 ice beasts
  3 orc warriors
  A hornet zombie (D:13)
  3 phantoms
  3 sky beasts
  An eye of draining (D:11)
  4 black bears
  2 necrophages
  3 ogres
  A centaur (D:7)
  A crocodile (D:9)
  10 bullfrogs
  A big kobold (D:7)
  2 wyvern zombies
  3 scorpions
  A water moccasin skeleton (D:6)
  14 wights
  9 howler monkeys
  5 crimson imps
  A bullfrog skeleton (D:13)
  5 orc priests
  3 hounds
  4 jellies
  7 orc wizards
  4 centaur skeletons
  Jessica (D:3)
  3 iguanas
  Ijyb (D:4)
  6 worker ants
  A howler monkey skeleton (D:8)
  2 worker ant zombies (D:10)
  13 adders
  7 gnolls
  2 shadow imps
  3 oozes
  An adder zombie (D:8)
  An adder skeleton (D:5)
  2 worms
  3 dart slugs
  6 leopard geckos
  46 orcs
  13 giant cockroaches
  3 goblins
  7 hobgoblins
  20 jackals
  4 quokkas
  A ball python (D:2)
  7 bats
  5 frilled lizards
  11 kobolds
  A quokka skeleton (D:5)
  4 rats
311 creatures vanquished.

Vanquished Creatures (collateral kills)
  A tengu warrior (D:13)
  2 wizards (D:14)
  A troll (D:13)
  A slime creature (D:13)
  3 orcs (D:13)
8 creatures vanquished.

Vanquished Creatures (others)
  49 fungi (D:9)
  7 plants (D:9)
56 creatures vanquished.

Grand Total: 375 creatures vanquished

Notes
Turn   | Place    | Note
-------+----------+-------------------------------------------
     0 | D:1      | Folque the Draconian Earth Elementalist began the quest for
                  | the Orb.
     0 | D:1      | Reached XP level 1. HP: 14/14 MP: 3/3
   206 | D:1      | Reached skill level 1 in Fighting
   343 | D:1      | Reached XP level 2. HP: 23/23 MP: 5/5
  1197 | D:2      | Reached XP level 3. HP: 29/29 MP: 2/6
  1204 | D:2      | Learned a level 2 spell: Passwall
  1208 | D:2      | Learned a level 3 spell: Stone Arrow
  1648 | D:2      | Reached XP level 4. HP: 36/36 MP: 0/8
  1779 | D:3      | Found an opulent altar of Gozag.
  1833 | D:3      | Noticed a bullfrog
  1846 | D:3      | Reached skill level 1 in Conjurations
  1850 | D:3      | Killed a bullfrog
  1850 | D:3      | Reached XP level 5. HP: 33/41 MP: 0/10
  1977 | D:3      | Reached skill level 4 in Earth Magic
  2293 | D:3      | Noticed Jessica
  2314 | D:3      | Killed Jessica
  2314 | D:3      | Reached XP level 6. HP: 43/48 MP: 6/12
  2334 | D:3      | Noticed Grinder
  2594 | D:3      | Killed Grinder
  2594 | D:3      | Reached skill level 5 in Spellcasting
  2594 | D:3      | Your scales start taking on a fiery red colour.
  2594 | D:3      | Reached XP level 7. HP: 55/55 MP: 2/14
  2594 | D:3      | Gained mutation: Your flesh is heat resistant. (rF+) [Red
                  | Draconian growth]
  2601 | D:3      | Learned a level 5 spell: Lee's Rapid Deconstruction
  3011 | D:4      | Reached skill level 5 in Earth Magic
  3155 | D:4      | Learned a level 4 spell: Petrify
  3526 | D:4      | Noticed Ijyb
  3538 | D:4      | Killed Ijyb
  3733 | D:4      | Found a staircase to the Ecumenical Temple.
  3750 | Temple   | Entered the Ecumenical Temple
  3867 | Temple   | Became a worshipper of Sif Muna the Loreminder
  4056 | D:5      | Entered Level 5 of the Dungeon
  4135 | D:5      | Reached XP level 8. HP: 61/61 MP: 7/15
  4444 | D:5      | Found a glowing silver altar of Zin.
  4456 | D:5      | Reached skill level 6 in Earth Magic
  5084 | D:5      | Found a stormy altar of Qazlal.
  5276 | D:6      | Found a basalt altar of Yredelemnul.
  5323 | D:6      | Reached skill level 7 in Earth Magic
  5323 | D:6      | Reached * piety under Sif Muna
  5483 | D:6      | Reached skill level 8 in Earth Magic
  5804 | D:6      | Found a shattered altar of Ashenzari.
  5806 | D:6      | Found a white marble altar of Elyvilon.
  5867 | D:6      | Found an iron altar of Okawaru.
  6074 | D:6      | Reached XP level 9. HP: 67/67 MP: 9/16
  6447 | D:6      | Reached ** piety under Sif Muna
  6707 | D:7      | Learned a level 3 spell: Dazzling Spray
  6721 | D:7      | Reached skill level 9 in Earth Magic
  6777 | D:7      | Reached skill level 1 in Hexes
  6951 | D:7      | Found a sparkling altar of Nemelex Xobeh.
  7415 | D:7      | Found a snail-covered altar of Cheibriados.
  7415 | D:7      | Found a glowing golden altar of the Shining One.
  7604 | D:8      | Found an ancient bone altar of Kikubaaqudgha.
  8178 | D:8      | Reached skill level 10 in Earth Magic
  8220 | D:8      | Reached *** piety under Sif Muna
  8640 | D:9      | Reached XP level 10. HP: 78/78 MP: 8/17
  8911 | D:9      | Reached skill level 1 in Invocations
  9072 | D:9      | Found an ancient bone altar of Kikubaaqudgha.
  9198 | D:9      | Noticed a two-headed ogre
  9700 | D:9      | Reached skill level 11 in Earth Magic
  9821 | D:9      | Noticed a two-headed ogre
 10150 | D:9      | Found a staircase to the Lair.
 10213 | D:9      | Killed a two-headed ogre
 10512 | D:9      | Killed a two-headed ogre
 10512 | D:9      | Reached skill level 5 in Invocations
 10927 | D:9      | Learned a level 3 spell: Tukima's Dance
 10948 | D:10     | Entered Level 10 of the Dungeon
 10978 | D:10     | Reached skill level 1 in Short Blades
 11154 | D:10     | Found a shattered altar of Ashenzari.
 11379 | D:10     | Noticed a two-headed ogre
 11394 | D:10     | Killed a two-headed ogre
 11394 | D:10     | Reached skill level 5 in Stealth
 11394 | D:10     | Reached XP level 11. HP: 84/84 MP: 7/20
 11396 | D:10     | Found a staircase to the Orcish Mines.
 11564 | D:10     | Reached **** piety under Sif Muna
 11697 | D:11     | Noticed an eight-headed hydra
 11714 | D:11     | Killed an eight-headed hydra
 11925 | D:11     | Noticed a purple ugly thing
 11940 | D:11     | Killed a purple ugly thing
 12086 | D:11     | Noticed a deep elf mage
 12089 | D:11     | Identified the +5 robe of the Volcano {rF+ MP+9 Int+4}
 12093 | D:11     | Killed a deep elf mage
 12135 | D:11     | Reached skill level 5 in Short Blades
 12474 | D:11     | Got a vibrating golden ring
 12501 | D:11     | Killed an unseen horror
 12697 | D:11     | Found the +8 arc blade {discharge, rElec}
 12703 | D:11     | Identified the ring of Beiron {rElec rF+ Stlth+} (You found
                  | it on level 11 of the Dungeon)
 12756 | D:11     | Noticed a red ugly thing
 12766 | D:11     | Killed a red ugly thing
 12781 | D:11     | Noticed a purple ugly thing
 12795 | D:11     | Killed a purple ugly thing
 13531 | D:12     | You fall through a shaft for 2 floors!
 13535 | D:14     | Noticed a deep elf mage
 13535 | D:14     | Noticed a deep elf mage
 13535 | D:14     | Noticed a deep elf mage
 13535 | D:14     | Killed a deep elf mage
 13536 | D:14     | Noticed a deep elf mage
 13558 | D:14     | Noticed a wizard
 13558 | D:14     | Noticed a wizard
 13563 | D:14     | Killed a wizard
 13568 | D:14     | Killed a wizard
 13785 | D:14     | Noticed a five-headed hydra
 13918 | D:14     | Killed a deep elf mage
 13942 | D:14     | Killed a five-headed hydra
 13942 | D:14     | Reached skill level 5 in Hexes
 14119 | D:14     | Got a smoking trident
 14202 | D:14     | Reached ***** piety under Sif Muna
 14202 | D:14     | Identified Sif Muna's Reference Book on the Poisonous
                  | Entourage (Sif Muna gifted it to you on level 14 of the
                  | Dungeon)
 14202 | D:14     | Received a gift from Sif Muna
 14202 | D:14     | Reached XP level 12. HP: 70/91 MP: 2/24
 14617 | D:13     | Noticed a two-headed ogre
 14656 | D:13     | Killed a two-headed ogre
 15219 | D:13     | Noticed a tengu warrior
 15242 | D:13     | Reached skill level 5 in Fighting
 15247 | D:13     | Killed a tengu warrior
 15270 | D:13     | Slain by an orc warrior

Skill      XL: |  1  2  3  4  5  6  7  8  9 10 11 12 |
---------------+-------------------------------------+-----
Fighting       | 1 2 4 5 |  5.1
Spellcasting   | 3 4 5 6 8 9 |  9.1
Conjurations   | 1 2 3 4 |  4.0
Earth Magic    | 4 5 8 10 11 | 11.9
Stealth        | 3 4 5 |  5.0
Transmutations | 3 |  3.2
Dodging        | 2 4 |  4.0
Hexes          | 2 5 |  5.0
Invocations    | 5 |  5.2
Short Blades   | 2 7 |  7.1

Action                   |  1- 3 |  4- 6 |  7- 9 | 10-12 || total
-------------------------+-------+-------+-------+-------++-------
Melee: Unarmed           |    32 |       |       |       ||    32
       Dagger            |   104 |    17 |       |   157 ||   278
       Tailslap          |    10 |    14 |    31 |    35 ||    90
       Short sword       |       |   137 |   319 |    61 ||   517
 Cast: Sandblast         |    20 |    11 |    26 |    36 ||    93
       Stone Arrow       |     4 |    20 |    89 |   100 ||   213
       Passwall          |       |     1 |       |       ||     1
       Lee's Rapid Decon |       |       |    21 |    27 ||    48
       Petrify           |       |       |     9 |    82 ||    91
       Dazzling Spray    |       |       |     3 |     3 ||     6
       Tukima's Dance    |       |       |       |     4 ||     4
Invok: Divine Energy     |       |       |     1 |       ||     1
       Channel Magic     |       |       |       |     3 ||     3
 Abil: Breathe Fire      |       |       |     2 |     4 ||     6
  Use: Scroll            |     6 |     2 |     5 |    13 ||    26
       Potion            |       |       |       |     8 ||     8
 Stab: Sleeping          |     1 |       |     3 |     5 ||     9
       Distracted        |       |       |     1 |       ||     1
       Petrified         |       |       |    22 |   116 ||   138
       Petrifying        |       |       |       |     1 ||     1
       Paralysed         |       |       |       |     1 ||     1
  Eat: Ration            |     2 |     1 |     2 |     7 ||    12
       Chunk             |       |     3 |    26 |    18 ||    47
Armor: Skin              |    54 |    41 |    93 |    53 ||   241
Dodge: Dodged            |   114 |   108 |   218 |   137 ||   577
